Map: Jagannatha LE

Players

greese

  • Race: Zerg Zerg
  • League: Bronze

Osiris - Winner!

  • Race: Protoss Protoss
  • League: Silver

VOD

Have the link to the VOD?

Description

Crazy Game Have Fun All

Time

  • Played on: July 25, 2021, 5:55 a.m.
  • Length: 14:57
Show
View Real Time Build Order
Export as new Build Order

greese Zerg 

Build Orders: Hatch First 

Get SALT Encoding   

  12  0:01  Drone  
  13  0:12  Overlord  
  13  0:25  Drone  
  14  0:31  Drone x2  
  16  0:41  Drone  
  17  0:52  Drone  
  18  1:10  Extractor, Hatchery  
  18  1:11  Drone x2  
  18  1:30  Spawning Pool  
  18  1:32  Drone x2  
  19  1:40  Drone  
  20  1:51  Overlord  
  20  2:05  Drone  
  21  2:12  Hatchery  
  20  2:18  Metabolic Boost  
  20  2:25  Extractor  
  20  2:29  Drone x3  
  22  2:33  Queen  
  24  2:40  Queen  
  26  2:45  Drone  
  27  2:52  Drone x2  
  27  2:54  Drone  
  27  2:57  Drone  
  31  3:08  Overlord  
  31  3:10  Drone x2  
  33  3:28  Overlord x2  
  33  3:29  Drone  
  33  3:30  Drone  
  35  3:35  Baneling Nest  
  35  3:41  Lair  
  34  3:50  Drone x3  
  34  3:51  Drone  
  38  4:01  Queen  
  40  4:03  Queen  
  42  4:11  Drone x3  
  42  4:14  Drone x2  
  42  4:16  Drone  
  48  4:18  Drone  
  48  4:22  Overlord  
  49  4:26  Overlord  
  49  4:30  Drone  
  50  4:36  Zergling x2  
  50  4:37  Zergling x8  
  50  4:38  Zergling x2  
  56  4:40  Zergling x2  
  56  4:41  Zergling x2  
  58  4:46  Centrifical Hooks  
  58  4:48  Drone  
  58  4:50  Drone  
  60  5:04  Queen x2  
  60  5:05  Pneumatized Carapace  
  64  5:08  Zergling x2  
  64  5:09  Zergling x8  
  64  5:10  Zergling x2  
  64  5:11  Zergling x2  
  71  5:17  Evolution Chamber  
  71  5:19  Evolution Chamber  
  69  5:48  Drone  
  69  5:49  Drone  
  71  5:51  Drone  
  71  5:53  Zergling x4  
  71  5:55  Overlord x4  
  71  5:56  Overlord  
  74  6:10  Extractor  
  67  6:28  Zergling x12  
  67  6:29  Zergling x14  
  80  6:37  Zerg Melee Weapons Level 1  
  80  6:38  Zerg Ground Armor Level 1  
  80  6:39  Drone  
  81  6:41  Drone  
  81  6:44  Drone  
  81  6:45  Drone x2  
  81  6:46  Drone  
  81  6:47  Drone  
  87  7:05  Overseer x2  
  88  7:08  Drone x2  
  88  7:09  Drone x6  
  88  7:10  Drone x5  
  100  7:17  Infestation Pit  
  99  7:27  Baneling x2  
  99  7:28  Baneling x7  
  99  7:29  Baneling x8  
  97  7:30  Baneling x7  
  97  7:31  Baneling x7  
  97  7:32  Baneling x2  
  97  7:34  Zergling x14  
  104  7:43  Hatchery  
  103  7:48  Hatchery  
  102  7:56  Extractor  
  33  8:44  Drone x3  
  33  8:45  Drone x7  
  33  8:46  Drone x5  
  33  8:47  Drone x3  
  49  8:52  Hive  
  49  8:55  Spire  
  30  9:12  Queen  
  29  9:18  Zergling x2  
  25  9:39  Drone  
  26  9:46  Drone  
  26  9:48  Queen  
  29  10:12  Spine Crawler  
  29  10:13  Spore Crawler  
  27  10:16  Drone x3  
  30  10:27  Drone  
  31  10:28  Drone  
  31  10:46  Drone  
  31  10:47  Drone x3  
  35  10:54  Drone x2  
  36  11:15  Drone x7  
  41  11:59  Mutalisk x6  
  41  12:00  Mutalisk x3  
  59  12:04  Mutalisk  
  46  12:39  Drone x2  
  46  12:40  Drone x6  
  54  13:05  Spore Crawler x2  
  53  13:10  Spore Crawler  
  49  13:34  Drone  
  49  13:35  Drone x2  
  49  13:36  Drone x2  
  49  13:37  Drone  
  55  13:48  Drone  
  55  13:49  Drone  
  55  13:50  Queen x2  
Show
View Real Time Build Order
Export as new Build Order

Osiris Protoss - Winner!

Build Orders:  

Get SALT Encoding   

  12  0:01  Probe  
  13  0:13  Probe  
  14  0:21  Pylon  
  14  0:26  Probe  
  15  0:43  Probe  
  15  0:46  Gateway  
  16  0:55  Probe  
  17  1:07  Probe (Chrono Boost)  
  18  1:12  Assimilator  
  18  1:14  Assimilator  
  19  1:19  Probe (Chrono Boost)  
  19  1:25  Probe (Chrono Boost)  
  20  1:34  Probe (Chrono Boost)  
  21  1:50  Cybernetics Core  
  21  1:52  Gateway  
  21  1:57  Probe  
  22  2:09  Probe  
  22  2:11  Nexus  
  23  2:32  Pylon  
  23  2:40  Warp Gate (Chrono Boost)  
  23  2:49  Stalker x2  
  23  2:50  Probe, Pylon  
  28  3:07  Twilight Council  
  28  3:13  Shield Battery  
  28  3:16  Shield Battery  
  28  3:22  Pylon  
  28  3:48  Adept x2  
  32  3:58  Probe (Chrono Boost)  
  32  3:59  Probe (Chrono Boost), Robotics Facility  
  34  4:03  Charge  
  34  4:08  Probe (Chrono Boost)  
  34  4:09  Probe (Chrono Boost)  
  36  4:12  Dark Shrine  
  36  4:22  Gateway  
  36  4:36  Pylon  
  36  4:39  Probe (Chrono Boost), Pylon  
  36  4:40  Probe (Chrono Boost)  
  38  4:49  Probe x2 (Chrono Boost)  
  40  4:53  Adept x2  
  40  4:54  Probe (Chrono Boost)  
  45  5:19  Forge  
  45  5:21  Forge  
  45  5:25  Forge  
  45  5:29  Pylon  
  45  5:34  Probe (Chrono Boost)  
  47  5:37  Assimilator  
  47  5:38  Assimilator  
  47  5:39  Probe (Chrono Boost)  
  48  5:43  Probe (Chrono Boost)  
  48  5:44  Dark Templar  
  48  5:46  Shield Battery  
  48  5:47  Probe (Chrono Boost)  
  43  6:29  Probe (Chrono Boost)  
  43  6:31  Dark Templar x2  
  43  6:32  Dark Templar  
  51  6:34  Probe (Chrono Boost)  
  51  6:35  Warp Prism  
  51  6:38  Probe (Chrono Boost)  
  51  6:39  Stargate  
  54  6:40  Pylon  
  54  6:42  Probe (Chrono Boost)  
  54  6:45  Gateway  
  55  6:50  Pylon  
  55  6:53  Pylon  
  55  6:57  Gateway x2  
  55  6:59  Gateway  
  55  7:01  Pylon  
  55  7:14  Probe  
  55  7:15  Probe  
  57  7:21  Dark Templar  
  57  7:22  Dark Templar x2  
  63  7:26  Probe  
  63  7:27  Probe  
  63  7:39  Probe x2  
  65  7:56  Probe x2  
  67  8:08  Probe  
  68  8:14  Dark Templar x3  
  68  8:18  Nexus  
  72  8:20  Pylon  
  72  8:23  Pylon  
  72  8:25  Stalker x4  
  59  8:55  Zealot x6  
  48  8:57  Void Ray  
  56  9:06  Warp Prism  
  62  9:15  Probe x2  
  64  9:27  Probe x2  
  66  9:36  Dark Templar  
  66  9:37  Dark Templar  
  68  9:38  Zealot  
  68  9:39  Probe  
  71  10:00  Zealot  
  71  10:01  Zealot x3  
  79  10:24  Probe (Chrono Boost)  
  79  10:25  Probe (Chrono Boost)  
  79  10:26  Probe (Chrono Boost)  
  85  10:36  Probe x2 (Chrono Boost)  
  85  10:37  Probe (Chrono Boost)  
  85  10:41  Probe x3 (Chrono Boost)  
  87  10:49  Assimilator x2  
  88  10:51  Cybernetics Core  
  88  10:55  Probe  
  88  10:56  Probe x2  
  91  11:08  Probe  
  92  11:20  Photon Cannon  
  92  11:22  Photon Cannon  
  92  11:24  Photon Cannon  
  92  11:28  Shield Battery  
  92  11:30  Shield Battery  
  88  12:04  Observer  
  89  12:10  Dark Templar x6  
  99  12:25  Observer  
  90  12:38  Photon Cannon  
  90  12:39  Photon Cannon  
  90  12:40  Photon Cannon  
  90  12:42  Photon Cannon  
  90  12:43  Pylon  
  90  12:44  Pylon, Shield Battery  
  82  13:02  Shield Battery x2  
  82  13:03  Photon Cannon  
  82  13:04  Photon Cannon  
  82  13:05  Dark Templar x5  
  92  13:08  Photon Cannon  
  92  13:09  Archon x2  
  92  13:11  Archon  
  91  13:32  Dark Templar  
  84  14:16  Dark Templar x4  
  84  14:17  Dark Templar x2  
Tags
 
Add a new tag
Caveats
  • Supply blocks, unpowered buildings, or Contaminate may cause inaccurate times.
  • Supply counts are checked every 10 seconds.